 Dungeon Crawl Stone Soup version 0.28.0-45-g0d030f2227 (webtiles) character file.

Game seed: 14603359852512163261

70 asdf14731 the Ruffian (level 4, 45/45 HPs)
             Began as a Troll Berserker on May 3, 2022.
             Was a Follower of Trog.
             Quit the game on level 2 of the Dungeon.
             The game lasted 00:14:10 (571 turns).

asdf14731 the Ruffian (Troll Berserker)              Turns: 571, Time: 00:14:10

Health: 45/45      AC:  4    Str: 27    XL:     4   Next: 3%
Magic:  3/3        EV: 10    Int:  3    God:    Trog [*.....]
Gold:   16         SH:  0    Dex:  9    Spells: 3/3 levels left

rFire   . . .      SeeInvis .     - Unarmed
rCold   . . .      Faith    .   (no shield)
rNeg    . . .      Spirit   .   a - +0 animal skin
rPois   .          Reflect  .   (helmet restricted)
rElec   .          Harm     .   (no cloak)
rCorr   .          Rampage  .   (gloves unavailable)
Will    .....                   (boots unavailable)
Stlth   +.........              (no amulet)
HPRegen 0.95/turn               (no ring)
MPRegen 0.08/turn               (no ring)

@: no status effects
A: large, unfitting armour, claws 3, regeneration 1, shaggy fur 1, tough skin 1
a: Renounce Religion, Berserk


You were on level 2 of the Dungeon.
You worshipped Trog.
Trog was aware of your devotion.
You visited 1 branch of the dungeon, and saw 2 of its levels.

You collected 16 gold pieces.

Inventory:

Hand Weapons
 f - a +0 dagger
Missiles
 d - 4 poisoned darts (quivered)
 g - 5 boomerangs
Armour
 a - a +0 animal skin (worn)
 c - a +1 pair of boots
 h - a +0 pair of gloves
Jewellery
 e - a ring of magical power
 i - a +4 ring of evasion
Potions
 b - 2 potions of haste {unknown}


   Skills:
 + Level 3.0 Fighting
 + Level 3.1 Dodging
 + Level 3.7 Unarmed Combat


You had 3 spell levels left.
You didn't know any spells.
Your spell library was empty.

Dungeon Overview and Level Annotations

Branches:
Dungeon (2/15)

Altars:


Innate Abilities, Weirdness & Mutations

You are too large for most types of armour.
You have claws for hands.
Your natural rate of healing is unusually fast.
You are covered in fur. (AC +1)
You have tough skin. (AC +1)


Message History

Found 9 gold pieces.
Unknown command.
Unknown command.
Okay, then.
Unknown command.
Unknown command.
Unknown command.
Unknown command.
Unknown command.
Okay, then.
Unknown command.
Okay, then.
Okay, then.
Unknown command.
Unknown command.
You are already empty-clawed.
You are already empty-clawed.
Unknown command.
Unknown command.
Unknown command.
You see here a hobgoblin corpse.
Unknown command.
Unknown command.
Unknown command.
Unknown command.
Saving game... please wait.
Welcome back, asdf14731 the Troll Berserker.
Trog says: Kill them all!
Press ? for a list of commands and other information.
Are you sure you want to abandon this character and quit the game? (Confirm with "yes".)
Okay, then.
What are your orders? t - Shout!
Orders for allies: a - Attack new target. r - Retreat! s - Stop attacking. g - Guard the area. f - Follow me.
Anything else - Cancel.
Okay, then.
Unknown command.
Are you sure you want to abandon this character and quit the game? (Confirm with "yes".)

...#....#.# #$#....#
...#......#####......#
........... ..##.....#
.....##...# #.##.....#
......#.#.# #.(......####
......#.#.# #...........#
..........###....<......#
..................>.....#
......#.........@.......#
.......÷...##...........#
#####......###...†......#
#......# #..........#
....##..## #..........#
#......).# #..###.....#
#.#.#...... #..........#
#.#.........##).......##
# ..#.#.....#..###.##.#


There were no monsters in sight!

Vanquished Creatures
  Natasha (D:2)
  A hound skeleton (D:2)
  2 adders (D:2)
  2 endoplasms (D:2)
  A goblin (D:2)
  A hobgoblin (D:2)
  2 quokkas (D:2)
  A ball python (D:1)
  2 bats (D:2)
  A frilled lizard (D:1)
  2 kobolds (D:2)
  A rat (D:2)
17 creatures vanquished.

Vanquished Creatures (others)
  A plant (D:1)
1 creature vanquished.

Grand Total: 18 creatures vanquished

Notes
Turn   | Place    | Note
-------+----------+-------------------------------------------
     0 | D:1      | asdf14731 the Troll Berserker began the quest for the Orb.
     0 | D:1      | Reached XP level 1. HP: 22/22 MP: 0/0
   171 | D:2      | Noticed Natasha
   177 | D:2      | Killed Natasha
   178 | D:2      | Reached XP level 2. HP: 21/29 MP: 1/1
   191 | D:2      | Reached XP level 3. HP: 36/36 MP: 2/2
   337 | D:2      | Reached XP level 4. HP: 40/45 MP: 3/3
   571 | D:2      | Quit the game

Illustrated notes

Levels and vault maps discovered:
D:1:      denvon_arrival_planthouse, layout_basic
D:2:      layout_basic, minmay_tromino_i2, uniq_terence, uniq_natasha

Skill      XL: |  1  2  3 |
---------------+----------+-----
Dodging        | 3 |  3.1
Fighting       | 3 |  3.0
Unarmed Combat | |  3.7

Action                   |  1- 3 |  4- 6 || total
-------------------------+-------+-------++-------
Melee: Unarmed           |    43 |     5 ||    48
       Punch             |     1 |       ||     1
Throw: Dart              |     1 |       ||     1
Armor: Animal skin       |    18 |    22 ||    40
Dodge: Dodged            |    30 |    14 ||    44
